 Dungeon Crawl Stone Soup version 0.24-a0-189-g5d897e9 (webtiles) character file.

Game seed: 529757938866505487

5430 emperorscorpion the Cleaver (level 10, -2/76 (77) HPs)
             Began as a Demonspawn Berserker on Mar 16, 2019.
             Was a High Priest of Trog.
             Slain by a troll (7 damage)
             ... on level 9 of the Dungeon on Mar 17, 2019.
             The game lasted 00:12:59 (7878 turns).

emperorscorpion the Cleaver (Demonspawn Berserker)  Turns: 7878, Time: 00:13:00

HP:   -2/76 (77)    AC: 14    Str: 25    XL:     10   Next: 40%
MP:   0/3           EV: 13    Int:  9    God:    Trog [*****.]
Gold: 434           SH:  0    Dex: 13    Spells: 9/9 levels left

rFire    . . .     SeeInvis .   T - +1 executioner's axe (antimagic)
rCold    + . .     Gourm    .   (shield currently unavailable)
rNeg     . . .     Faith    .   u - +0 scale mail
rPois    .         Spirit   +   w - +0 helmet
rElec    .         Reflect  .   h - +0 cloak
rCorr    .         Harm     .   (no gloves)
MR       .....                  (no boots)
Stlth    ..........             v - amulet of guardian spirit
HPRegen  0.22/turn              (no ring)
MPRegen  0.08/turn              (no ring)

@: mighty, slowed, very slow
A: talons 1, icy blue scales 3, powered by pain 1, spiny 2
a: Berserk, Trog's Hand, Brothers in Arms, Renounce Religion


You were on level 9 of the Dungeon.
You worshipped Trog.
Trog was extremely pleased with you.
You were not hungry.

You visited 1 branch of the dungeon, and saw 9 of its levels.

You collected 434 gold pieces.

Inventory:

Hand Weapons
 a - a +0 hand axe
 E - a +0 trident
 K - a +4 dire flail of pain
 L - a +0 battleaxe
 T - a +1 antimagic executioner's axe (weapon)
Missiles
 o - 35 poisoned needles
 M - 4 exploding tomahawks (quivered)
 N - 6 needles of sleeping
 O - 6 tomahawks
Armour
 b - a +0 animal skin
 e - a +0 buckler
 h - a +0 cloak (worn)
 r - a +0 ring mail
 t - a +0 chain mail
 u - a +0 scale mail (worn)
 w - a +0 helmet (worn)
 y - a +0 troll leather armour {Purgy}
 S - a cursed +0 cloak
Jewellery
 n - an uncursed ring of wizardry
 v - an amulet of guardian spirit (around neck)
 P - a +5 ring of protection
Wands
 C - a wand of flame (8)
 F - a wand of random effects (12)
 H - a wand of acid (9)
 J - a wand of scattershot (4)
 R - a wand of clouds (5)
Scrolls
 g - 5 scrolls of identify {unknown}
 i - 4 scrolls of fog {unknown}
 l - 2 scrolls of fear {unknown}
 m - a scroll of amnesia {unknown}
 q - 5 scrolls of teleportation {unknown}
 x - a scroll of enchant weapon {unknown}
 A - 3 scrolls of random uselessness {unknown}
 D - a scroll of enchant armour {unknown}
Potions
 d - 3 potions of might {unknown}
 f - 5 potions of heal wounds {unknown}
 j - 2 potions of magic {unknown}
 k - a potion of lignification {unknown}
 p - 2 potions of berserk rage {unknown}
 s - 2 potions of flight {unknown}
 z - 2 potions of curing {unknown}
 B - 2 potions of agility {unknown}
 G - a potion of resistance
 I - 2 potions of brilliance {unknown}
Comestibles
 c - 14 rations


   Skills:
 + Level 6.9 Fighting
 + Level 9.2 Axes
 + Level 7.4 Armour
 + Level 5.2 Dodging
 - Level 4.0 Shields


You had 9 spell levels left.
You didn't know any spells.
Your spell library contained the following spells:

 Spells                   Type           Power        Failure   Level  Hunger
 Corona                   Hex            #......      65%         1    ##.....
 Sandblast                Erth           #.....       65%         1    ##.....
 Ensorcelled Hibernation  Hex/Ice        #.....       78%         2    ###....
 Passwall                 Tmut/Erth      #.......     78%         2    ###....
 Confuse                  Hex            #.......     95%         3    ####...
 Dazzling Spray           Conj/Hex       #.....       95%         3    ####...
 Stone Arrow              Conj/Erth      #.....       95%         3    ####...
 Tukima's Dance           Hex            #.......     95%         3    ####...
 Petrify                  Tmut/Erth      #.......     100%        4    #####..
 Lee's Rapid Deconstruct  Erth           #.........   100%        5    ######.


Dungeon Overview and Level Annotations

Branches:
Dungeon (9/15)             Temple (0/1) D:6
   Lair: D:8-11         Orc: D:9-12

Altars:
Ashenzari
Elyvilon
Fedhas
Okawaru
Trog
Vehumet
Wu Jian
Xom
Beogh

Annotations:
D:6 potion


Innate Abilities, Weirdness & Mutations

You have sharp toenails.
You are completely covered in icy blue scales. (AC +4, rC+)
You sometimes gain a little power by taking damage.
You are mostly covered in sharp spines.


Message History

The troll bites you. The troll claws you.
The troll claws you but does no damage.
The orc priest hits you with a +0 dagger.
The orc wizard gestures wildly while chanting.
The orc wizard blinks!
The orc is struck by your spines.
You kill the orc!
Trog accepts your kill.
The two-headed ogre hits you with a +0 giant club!!
* * * LOW HITPOINT WARNING * * *
You focus on the pain.
You feel very mighty all of a sudden.
The two-headed ogre hits you with a +0 giant spiked club!
* * * LOW HITPOINT WARNING * * *
You focus on the pain.
You feel mightier all of a sudden. The ogre is struck by your spines.
You kill the ogre!
Trog accepts your kill. The troll bites you but does no damage.
The troll claws you!
You die...

.........
.......
###.....#
#.#..... .
......## #.(
#.....#....
#..O.......
#.<@oo.#
#.T)§..#
.............
..........##.§.
.....<.....# ##
###..#......
##.#.......
..#.......(


You could see a two-headed ogre, a troll, an orc priest and an orc wizard.

Vanquished Creatures
  Joseph (D:7)
  Grinder (D:3)
  A hippogriff (D:7)
  Sigmund (D:4)
  2 steam dragons
  Grum (D:8)
  Edmund (D:6)
  Purgy (D:4)
  5 orc warriors
  3 ice beasts
  A phantom (D:4)
  A sky beast (D:7)
  6 ogres
  3 centaurs
  A necrophage (D:7)
  A crocodile (D:7)
  3 wolves (D:8)
  2 bullfrogs (D:6)
  4 scorpions
  10 killer bees
  A howler monkey (D:8)
  2 crimson imps
  A quasit (D:8)
  A bullfrog skeleton (D:5)
  8 orc priests
  3 hounds
  2 jellies (D:8)
  9 orc wizards
  2 iguanas
  A worker ant (D:6)
  A hound zombie (D:5)
  5 adders
  A shadow imp (D:6)
  An adder zombie (D:7)
  2 adder skeletons
  3 worms
  3 dart slugs
  7 leopard geckos
  51 orcs
  2 ball pythons (D:1)
  2 bats
  9 giant cockroaches
  6 goblins
  6 hobgoblins
  9 jackals
  5 quokkas
  5 frilled lizards
  A giant cockroach zombie (D:5)
  12 kobolds
  A leopard gecko skeleton (D:5)
  6 rats
217 creatures vanquished.

Vanquished Creatures (others)
  An orc priest (D:8)
1 creature vanquished.

Grand Total: 218 creatures vanquished

Notes
Turn   | Place    | Note
-------+----------+-------------------------------------------
     0 | D:1      | emperorscorpion the Demonspawn Berserker began the quest
                  | for the Orb.
     0 | D:1      | Reached XP level 1. HP: 18/18 MP: 1/1
   380 | D:1      | Gained mutation: You sometimes gain a little power by
                  | taking damage. [demonic ancestry]
   380 | D:1      | Reached XP level 2. HP: 23/24 MP: 2/2
   993 | D:1      | Reached skill level 3 in Axes
  1101 | D:1      | Reached ** piety under Trog
  1295 | D:2      | Gained mutation: You are partially covered in icy blue
                  | scales. (AC +2) [demonic ancestry]
  1295 | D:2      | Reached XP level 3. HP: 29/29 MP: 3/3
  2247 | D:3      | Reached XP level 4. HP: 32/37 MP: 4/4
  2541 | D:3      | Noticed Grinder
  2559 | D:3      | Killed Grinder
  2559 | D:3      | Reached skill level 4 in Axes
  2559 | D:3      | Reached skill level 1 in Shields
  2559 | D:3      | Gained mutation: You have sharp toenails. [demonic
                  | ancestry]
  2559 | D:3      | Reached XP level 5. HP: 42/42 MP: 3/5
  2559 | D:3      | Reached XP level 6. HP: 48/48 MP: 3/6
  2939 | D:3      | Found a shattered altar of Ashenzari.
  3214 | D:4      | Reached *** piety under Trog
  3314 | D:4      | Noticed Sigmund
  3333 | D:4      | Killed Sigmund
  3333 | D:4      | Gained mutation: You are mostly covered in icy blue scales.
                  | (AC +3) [demonic ancestry]
  3333 | D:4      | Reached XP level 7. HP: 55/55 MP: 7/7
  3379 | D:4      | Noticed Purgy
  3386 | D:4      | Killed Purgy
  3386 | D:4      | Reached skill level 5 in Axes
  3458 | D:4      | Found an iron altar of Okawaru.
  3460 | D:4      | Found a hide-covered altar of Uskayaw.
  3460 | D:4      | Found a shimmering altar of Xom.
  3473 | D:4      | Found a bloodstained altar of Trog.
  3473 | D:4      | Found a blossoming altar of Fedhas.
  3473 | D:4      | Found a radiant altar of Vehumet.
  3731 | D:5      | Entered Level 5 of the Dungeon
  3861 | D:5      | Found a white marble altar of Elyvilon.
  3939 | D:5      | Found an ornate altar of the Wu Jian Council.
  3967 | D:5      | Reached skill level 5 in Fighting
  4098 | D:5      | Found an ornate altar of the Wu Jian Council.
  4123 | D:5      | Gained mutation: You are partially covered in sharp spines.
                  | [demonic ancestry]
  4123 | D:5      | Reached XP level 8. HP: 62/62 MP: 8/8
  4667 | D:6      | Reached skill level 6 in Axes
  5387 | D:6      | Found a staircase to the Ecumenical Temple.
  5397 | D:6      | Reached **** piety under Trog
  5681 | D:6      | Noticed Edmund
  5688 | D:6      | Killed Edmund
  5779 | D:7      | Noticed Joseph
  5779 | D:7      | Noticed a hippogriff
  5782 | D:7      | Reached skill level 5 in Armour
  5782 | D:7      | Gained mutation: You are mostly covered in sharp spines.
                  | [demonic ancestry]
  5782 | D:7      | Reached XP level 9. HP: 69/69 MP: 9/9
  5789 | D:7      | Reached skill level 7 in Axes
  5802 | D:7      | Killed Joseph
  6329 | D:7      | Reached skill level 8 in Axes
  6868 | D:8      | Gained mutation: You are completely covered in icy blue
                  | scales. (AC +4, rC+) [demonic ancestry]
  6868 | D:8      | Reached XP level 10. HP: 66/76 MP: 8/10
  7216 | D:8      | Reached ***** piety under Trog
  7296 | D:8      | Reached skill level 5 in Dodging
  7520 | D:8      | Reached skill level 9 in Axes
  7586 | D:8      | Noticed Grum
  7596 | D:8      | Received a gift from Trog
  7604 | D:8      | Killed Grum
  7785 | D:8      | Found a roughly hewn altar of Beogh.
  7873 | D:9      | Noticed a two-headed ogre
  7878 | D:9      | Slain by a troll

Levels and vault maps discovered:
D:1:      elethiomel_arrival_shortcut, layout_basic, minivault_27
D:2:      layout_loops_ring, minmay_worlds_worst_comb
D:3:      layout_loops_corners, first_ration, st_stairs_8,
          minmay_misc_feat_more_columns, minmay_misc_feat_secret_circle,
          hangedman_decor_peaks_small, minmay_misc_feat_plants,
          evilmike_ruin_ashenzari, uniq_grinder
D:4:      layout_rooms, skrybe_limestone_x, doesnt_xom_only_xom, uniq_sigmund,
          uniq_purgy
D:5:      layout_loops_ring, elyvilon_altar_3, hangedman_feature_mirror
D:6:      layout_basic, minmay_temple_entry_large_hall, item_on_display_a,
          uniq_edmund
D:7:      layout_loops_ring, uniq_joseph
D:8:      layout_cave_pools, special_room [special_room_orc], uniq_grum
D:9:      layout_cave_pools, kennysheep_orc_monster_closet_entryway

Skill      XL: |  1  2  3  4  5  6  7  8  9 10 |
---------------+-------------------------------+-----
Dodging        | 2 3 4 5 |  5.2
Axes           | 3 4 5 6 8 9 |  9.2
Armour         | 2 3 5 6 7 |  7.4
Fighting       | 4 5 6 |  6.9
Shields        | 1 2 3 4 |  4.0

Action                   |  1- 3 |  4- 6 |  7- 9 | 10-12 || total
-------------------------+-------+-------+-------+-------++-------
Melee: Hand axe          |   132 |    76 |   278 |    97 ||   583
       Kick              |       |    12 |   100 |    32 ||   144
       Executioner's axe |       |       |       |     8 ||     8
Invok: Berserk           |     4 |     5 |    12 |     7 ||    28
  Use: Scroll            |     1 |       |       |       ||     1
 Stab: Sleeping          |     2 |       |       |       ||     2
  Eat: Chunk             |     8 |     8 |    20 |    10 ||    46
       Ration            |       |       |     1 |       ||     1
Armor: Animal skin       |    30 |       |       |       ||    30
       Ring mail         |     3 |     5 |       |       ||     8
       Scale mail        |       |    19 |    83 |    49 ||   151
Dodge: Dodged            |    83 |    39 |    90 |    58 ||   270
Block: Buckler           |    13 |    14 |    51 |    27 ||   105

Table legend:
 A = Non-vault XP
 B = Vault XP
 C = Vault XP percentage of total XP
 D = Non-vault monster count
 E = Vault monster count
 F = Vault count percentage of total count
                 A         B        C        D         E       F
            +---------+---------+-------+---------+---------+-------
      Total |    5324 |    2434 |  31.4 |     178 |      40 |  18.3
            +---------+---------+-------+---------+---------+-------
        D:1 |      40 |       0 |   0.0 |      22 |       0 |   0.0
        D:2 |      44 |      10 |  18.5 |      16 |       5 |  23.8
        D:3 |      54 |     319 |  85.5 |      16 |       3 |  15.8
        D:4 |     192 |     356 |  65.0 |      11 |       2 |  15.4
        D:5 |     618 |       0 |   0.0 |      20 |       0 |   0.0
        D:6 |     867 |     164 |  15.9 |      28 |       1 |   3.4
        D:7 |    1925 |     455 |  19.1 |      30 |       1 |   3.2
        D:8 |    1453 |    1130 |  43.7 |      32 |      28 |  46.7
        D:9 |     131 |       0 |   0.0 |       3 |       0 |   0.0
            +---------+---------+-------+---------+---------+-------
